 Dungeon Crawl Stone Soup version 0.31-a0-971-g75a2e9a4b4 (webtiles) character file.

Game seed: 5433725580132021246

41 CowFu the Stinger (level 3, 0/2 HPs)
             Began as a Draconian Venom Mage on Oct 28, 2023.
             Slain by an adder (2 damage)
             ... on level 2 of the Dungeon.
             The game lasted 00:02:00 (1552 turns).

CowFu the Stinger (Draconian Venom Mage)            Turns: 1552, Time: 00:02:01

Health: 0/2        AC:  0    Str: 10    XL:     3   Next: 32%
Magic:  6/6        EV: 12    Int: 17    God:
Gold:   88         SH:  0    Dex: 11    Spells: 3/6 levels left

rFire   . . .        c - melded +2 dagger (venom)
rCold   . . .        (shield currently unavailable)
rNeg    . . .        (body armour unavailable)
rPois   ∞            (helmet currently unavailable)
rElec   +            (cloak currently unavailable)
rCorr   .            (gloves currently unavailable)
SInv    .            (boots currently unavailable)
Will    .....        (no amulet)
Stlth   ++           (no ring)
HPRegen 0.20/turn    (no ring)
MPRegen 0.10/turn

%: no passive effects
@: storm-form, flying
A: cleaving, insubstantial, flying, reduced hp, AC +5, unfitting armour,
(cold-blooded)
a: Blinkbolt, Begin Untransformation


You were on level 2 of the Dungeon.
You were a lightning-filled tempest!
You visited 1 branch of the dungeon, and saw 2 of its levels.

You collected 88 gold pieces.

Inventory:

Hand Weapons
 c - a +2 dagger of venom (melded)
Talismans
 i - a storm talisman (active)
Scrolls
 b - 3 scrolls of identify {unknown}
 f - a scroll of immolation {unknown}
 h - a scroll of fear {unknown}
 j - a scroll of teleportation {unknown}
 k - a scroll of noise {unknown}
Potions
 a - a potion of magic
 d - 3 potions of brilliance {unknown}
 e - 2 potions of mutation {unknown}
 g - 2 potions of heal wounds {unknown}


   Skills:
 - Level 1.7 Dodging
 - Level 1.7 Stealth
 - Level 2.0 Spellcasting
 - Level 1.0 Transmutations
 + Level 4.4 Poison Magic


You had 3 spell levels left.
You knew the following spells:

 Your Spells              Type           Power      Damage    Failure   Level
a - Sting                 Tmut/Pois      44%        1d5       6%          1
b - Poisonous Vapours     Pois/Air       18%        N/A       12%         2

Your spell library contained the following spells:

 Spells                   Type           Power      Damage    Failure   Level
 Mephitic Cloud           Conj/Pois/Air  6%         N/A       32%         3
 Olgreb's Toxic Radiance  Pois           16%        N/A       30%         4


Dungeon Overview and Level Annotations

Branches:
Dungeon (2/15)

Altars:

Shops:
D:1 ?


Innate Abilities, Weirdness & Mutations

You are a lightning-filled tempest!
Your electrical attacks strike out in all directions at once.
You are incredibly evasive.
Your insubstantial body is immune to petrification, constriction, and being set on fire You are flying.
Your maximum health is decreased, since you lack skill for your form.
Your armour is entirely melded.
You are incapable of wielding weapons or throwing items.
((Your plain brown scales are hard. (AC +5)))
You cannot fit into any form of body armour.
You are immune to poison.
((You are cold-blooded and may be slowed by cold attacks.))


Message History

j - a scroll labelled PAURPHY ALIXOYXT You see here a bat corpse.
You open the door.
A hobgoblin comes into view.
The hobgoblin shouts!
A hobgoblin is nearby!
A hobgoblin is nearby!
Found a long sword.
There is an open door here.
The sting misses the hobgoblin.
You miscast Sting.
You are very lightly contaminated with residual magic.
Nothing appears to happen.
The hobgoblin barely misses you.
The sting hits the hobgoblin.
The hobgoblin is poisoned.
The hobgoblin is heavily wounded.
The hobgoblin hits you but does no damage.
The sting misses the hobgoblin.
The hobgoblin barely misses you.
The sting hits the hobgoblin.
The hobgoblin looks even sicker.
You kill the hobgoblin!
You can't see any susceptible monsters within range! (Use Z to cast anyway.)
You begin transforming.
You continue transforming. x2
Your magical contamination has completely faded away.
You continue transforming.
You turn into a lightning-filled tempest!
Your +2 dagger of venom melds into your body.
Your +2 dagger of venom stops dripping with poison.
No target in view!
k - a scroll labelled WINTEA ONORCH You reach down and open the door.
There is an open door here.
Found 9 stones.
There is an open door here.
You reach down and open the door.
There is an open door here.
Found 2 stones.
An adder comes into view.
An adder is nearby!
The adder bites you.
Ouch! That really hurt!
You die...

#..........#
#..........#
#.......... .#
#.........# .#
.........####.#####
####..............
#...............# ##
#.....##........# #.
#...v.##....)...####.
#...S.##.............
#.....##.........##'#
#.....#####.####.#.†.
#.....# #.#....#.#.
####### #.#.####.#.
#...#....#.
#.#.'.#####
#...#....#.


You could see an adder.

Vanquished Creatures
  7 ball pythons
  6 bats
  2 endoplasms
  3 giant cockroaches (D:1)
  8 goblins
  2 hobgoblins
  3 jackals (D:1)
  A frilled lizard (D:1)
  6 kobolds
  A rat (D:1)
39 creatures vanquished.

Notes
Turn   | Place    | Note
-------+----------+-------------------------------------------
     0 | D:1      | CowFu the Draconian Venom Mage began the quest for the Orb.
     0 | D:1      | Reached XP level 1. HP: 14/14 MP: 3/3
   155 | D:1      | Reached XP level 2. HP: 20/20 MP: 0/5
   203 | D:1      | Found Yzeashir's Magic Scroll Shoppe.
   468 | D:1      | Reached skill level 4 in Poison Magic
   726 | D:1      | Reached XP level 3. HP: 23/26 MP: 3/6
   729 | D:1      | Learned a level 2 spell: Poisonous Vapours
  1552 | D:2      | Slain by an adder

Illustrated notes

Levels and vault maps discovered:
D:1:      ncdulo_smallfort, layout_basic, serial_shops, shop
D:2:      layout_basic, basic_altar, roderic_filled_cross

Skill      XL: |  1  2 |
---------------+-------+-----
Poison Magic   | 4 |  4.4
Dodging        | |  1.7
Stealth        | |  1.7
Spellcasting   | |  2.0
Transmutations | |  1.0

Action                     || total
---------------------------++-------
  Melee: Dagger            ||    21
         Unarmed           ||     3
         Tailslap          ||     2
   Cast: Sting             ||    56
 Armour: Skin              ||    31
  Dodge: Dodged            ||    36
   Form: Storm             ||     1

Table legend: (Time is in decaauts)
 A = Elapsed time spent in this place.
 B = Non-inter-level travel time spent in this place.
 C = Inter-level travel time spent in this place.
 D = Time resting spent in this place.
 E = Time spent auto-exploring this place.
 F = Levels seen in this place.
 G = Mean time per level.
                   A        B        C        D        E       F      G
               +--------+--------+--------+--------+--------+-----+--------+
         Total |   1551 |   1543 |      8 |      0 |   1333 |   2 |  775.5 |
       Dungeon |   1551 |   1543 |      8 |      0 |   1333 |   2 |  775.5 |
               +--------+--------+--------+--------+--------+-----+--------+

Top non-repeatable levels by time:
     D:1: 1017 daAuts
     D:2: 533 daAuts
